 Dungeon Crawl Stone Soup version 0.30-a0-42-g806c11bf1d (webtiles) character file.

Game seed: 12763207022933476697

315 QueenGhuleh the Chopper (level 6, -1/56 HPs)
             Began as a Minotaur Berserker on Aug 29, 2022.
             Was a Priest of Trog.
             Slain by an iron imp (8 damage)
             ... summoned by Eustachio
             ... on level 6 of the Dungeon on Aug 30, 2022.
             The game lasted 00:06:59 (3748 turns).

QueenGhuleh the Chopper (Minotaur Berserker)        Turns: 3748, Time: 00:07:00

Health: -1/56      AC:  9    Str: 24      XL:     6   Next: 19%
Magic:  5/5        EV:  9    Int:  4      God:    Trog [***...]
Gold:   141        SH:  0    Dex:  8 (9)  Spells: 5/5 levels left

rFire   . . .      SeeInvis .    a - +0 hand axe
rCold   . . .      Faith    .    (no shield)
rNeg    . . .      Spirit   .    x - +0 chain mail
rPois   .          Reflect  .    (helmet restricted)
rElec   .          Harm     .    (no cloak)
rCorr   .          Rampage  .    (no gloves)
Will    +....                    (no boots)
Stlth   ..........               (no amulet)
HPRegen 0.18/turn                f - ring of willpower
MPRegen 0.09/turn                (no ring)

@: on berserk cooldown, slowed, very slow
A: horns 2, retaliatory headbutt
a: Renounce Religion, Berserk, Trog's Hand


You were on level 6 of the Dungeon.
You worshipped Trog.
Trog was most pleased with you.
You visited 1 branch of the dungeon, and saw 5 of its levels.

You collected 141 gold pieces.

Inventory:

Hand Weapons
 a - a +0 hand axe (weapon)
Armour
 b - a +0 animal skin
 x - a +0 chain mail (worn)
Jewellery
 f - a ring of willpower (left hand)
 r - a ring of ice
Wands
 v - a wand of mindburst (19)
Scrolls
 c - 2 scrolls of poison {unknown}
 d - 4 scrolls of identify {unknown}
 e - 3 scrolls of immolation {unknown}
 g - 3 scrolls of fear {unknown}
 i - a scroll of teleportation {unknown}
 j - a scroll of blinking {unknown}
 k - a scroll of magic mapping {unknown}
 l - a scroll of enchant weapon {unknown}
 m - 4 scrolls of amnesia {unknown}
 o - a scroll of torment {unknown}
 u - a scroll of noise {unknown}
Potions
 h - a potion of degeneration {unknown}
 n - a potion of flight {unknown}
 p - a potion of cancellation {unknown}
 q - a potion of curing {unknown}
 s - a potion of heal wounds {unknown}
 t - a potion of invisibility {unknown}


   Skills:
 + Level 5.5 Fighting
 + Level 5.8 Axes
 + Level 2.7 Armour
 + Level 3.8 Dodging
 + Level 1.2 Stealth


You had 5 spell levels left.
You didn't know any spells.
Your spell library was empty.

Dungeon Overview and Level Annotations

Branches:
Dungeon (4/15)
 Temple: D:4-7

Altars:
Cheibriados
Fedhas
Okawaru
Sif Muna
Uskayaw
Yredelemnul

Annotations:
D:6 Eustachio


Innate Abilities, Weirdness & Mutations

You have a pair of horns on your head.
You reflexively headbutt those who attack you in melee.


Message History

The quasit claws you but does no damage.
The quasit barely misses you.
The quasit bites you but does no damage.
The quasit claws you but does no damage.
The quasit closely misses you. The bat hits you.
The river rat closely misses you.
You closely miss the river rat. You hit the iron imp. You closely miss the bat.
You hit the quasit. The bat barely misses you. The quasit closely misses you.
The quasit claws you but does no damage.
The quasit closely misses you. The bat barely misses you.
The quasit barely misses you.
The quasit claws you but does no damage.
The quasit claws you. The iron imp hits you.
The river rat bites you but does no damage.
You closely miss the river rat. You headbutt the river rat.
The river rat is lightly wounded.
You closely miss the bat. You hit the quasit. You barely miss the iron imp.
The bat hits you but does no damage. The quasit barely misses you.
The quasit claws you but does no damage.
The quasit barely misses you. The bat hits you but does no damage.
The iron imp barely misses you. The river rat misses you.
The quasit closely misses you.
The quasit claws you but does no damage. x2
An ice beast comes into view.
The iron imp hits you!
* * * LOW HITPOINT WARNING * * *
The river rat bites you.
* * * LOW HITPOINT WARNING * * *
You hit the river rat. Your punch misses the river rat.
The river rat is severely wounded.
You barely miss Eustachio. You hit the quasit. You hit the iron imp.
The quasit bites you but does no damage.
The quasit claws you but does no damage.
The quasit barely misses you. The quasit closely misses you.
The quasit claws you but does no damage. x2
Eustachio barely misses you.
A hound comes into view.
The river rat bites you but does no damage.
The iron imp hits you!
You die...

....... ......
..... ...# ## ..#
...####.#####>..(
#....#..........
#...h####...#
###...@@b....#
###....5r55....#
##...###.r.......
##<.###
#.....Y... #..##
#.....#..#
##.####....#####
.. #.......#### .
###..######
####....####


You could see Eustachio, an ice beast, a hound (wandering), 2 iron imps, a
quasit (summoned), a river rat (summoned), a quokka (summoned) and a bat
(summoned).

Vanquished Creatures
  A centaur zombie (D:3)
  A hound (D:6)
  Jessica (D:2)
  Terence (D:3)
  A howler monkey zombie (D:3)
  13 adders
  2 dart slugs
  An orc (D:4)
  3 endoplasms (D:1)
  3 giant cockroaches (D:1)
  5 hobgoblins
  7 jackals
  2 quokkas
  11 ball pythons
  2 ball python zombies (D:3)
  6 bats
  5 frilled lizards
  4 goblins
  7 kobolds
  3 rats
79 creatures vanquished.

Notes
Turn   | Place    | Note
-------+----------+-------------------------------------------
     0 | D:1      | QueenGhuleh the Minotaur Berserker began the quest for the
                  | Orb.
     0 | D:1      | Reached XP level 1. HP: 19/19 MP: 0/0
   285 | D:1      | Reached XP level 2. HP: 20/27 MP: 1/1
   510 | D:1      | Found a faded altar of an unknown god.
   687 | D:1      | Reached ** piety under Trog
   823 | D:1      | Reached XP level 3. HP: 34/34 MP: 2/2
  1162 | D:2      | Reached XP level 4. HP: 37/41 MP: 3/3
  1395 | D:2      | Reached skill level 5 in Fighting
  1818 | D:2      | Noticed Jessica
  1820 | D:2      | Killed Jessica
  1821 | D:2      | Reached skill level 5 in Axes
  1821 | D:2      | Reached XP level 5. HP: 48/48 MP: 4/4
  2433 | D:3      | Found a shimmering blue altar of Sif Muna.
  2486 | D:3      | Reached *** piety under Trog
  2607 | D:3      | Found a blossoming altar of Fedhas.
  2834 | D:3      | Found a basalt altar of Yredelemnul.
  2889 | D:3      | Reached skill level 1 in Stealth
  2968 | D:3      | Noticed Terence
  2977 | D:3      | Killed Terence
  2978 | D:3      | Reached XP level 6. HP: 46/56 MP: 5/5
  3155 | D:3      | Found a hide-covered altar of Uskayaw.
  3155 | D:3      | Found a snail-covered altar of Cheibriados.
  3332 | D:3      | Found an iron altar of Okawaru.
  3593 | D:4      | Upgraded the game from 0.30-a0-40-gc6d0f036a7 to
                  | 0.30-a0-42-g806c11bf1d
  3696 | D:4      | You fall into a shaft and drop 2 floors!
  3718 | D:6      | Noticed Eustachio
  3747 | D:6      | Noticed an ice beast
  3748 | D:6      | Slain by an iron imp

Illustrated notes

Levels and vault maps discovered:
D:1:      matt_arrival_los_fun, layout_rooms, dilly_ecumenical_altar_fadedgnrine
D:2:      layout_loops_cross, minmay_snake_closets, uniq_jessica
D:3:      layout_basic, fedhas_altar_fruit_tree, nicolae_sif_muna_condensation,
          nicolae_yredelemnul_corpse_copse, okawaru_metal_pillars_3,
          mainiacjoe_overflow_divided_tiny, st_stairs_12, grunt_decor_arrowhead,
          uniq_terence
D:4:      layout_gridville, uniq_edmund
D:6:      layout_rooms, minmay_temple_entry_antechambers, lightli_minifort,
          uniq_eustachio, uniq_menkaure

Skill      XL: |  1  2  3  4  5 |
---------------+----------------+-----
Fighting       | 4 5 |  5.5
Axes           | 4 5 |  5.8
Dodging        | 3 |  3.8
Stealth        | 1 |  1.2
Armour         | |  2.7

Action                   |  1- 3 |  4- 6 || total
-------------------------+-------+-------++-------
Melee: Hand axe          |    60 |   126 ||   186
       Headbutt          |     5 |    17 ||    22
Invok: Berserk           |       |     3 ||     3
 Stab: Sleeping          |       |     2 ||     2
Armor: Animal skin       |    13 |    14 ||    27
       Chain mail        |       |    67 ||    67
Dodge: Dodged            |    45 |   137 ||   182

Table legend: (Time is in decaauts)
 A = Elapsed time spent in this place.
 B = Non-inter-level travel time spent in this place.
 C = Inter-level travel time spent in this place.
 D = Time resting spent in this place.
 E = Time spent auto-exploring this place.
 F = Levels seen in this place.
 G = Mean time per level.
                   A        B        C        D        E       F      G
               +--------+--------+--------+--------+--------+-----+--------+
         Total |   3783 |   3679 |    104 |      0 |   3219 |   5 |  756.6 |
       Dungeon |   3783 |   3679 |    104 |      0 |   3219 |   5 |  756.6 |
               +--------+--------+--------+--------+--------+-----+--------+

Top non-repeatable levels by time:
     D:2: 1554 daAuts
     D:3: 1198 daAuts
     D:1: 855 daAuts
     D:4: 120 daAuts
     D:6: 54 daAuts
